 Dungeon Crawl Stone Soup version 0.30.0-19-g36f170ea60 (webtiles) character file.

Game seed: 6707502956269570176

508 Nicoed the Cleaver (level 6, -4/78 HPs)
             Began as a Minotaur Berserker on May 27, 2023.
             Was an Elder of Trog.
             Splashed by a jelly's acid (8 damage)
             ... on level 4 of the Dungeon.
             The game lasted 00:04:56 (3439 turns).

Nicoed the Cleaver (Minotaur Berserker)             Turns: 3439, Time: 00:04:56

Health: -4/78      AC:  0    Str: 23    XL:     6   Next: 98%
Magic:  5/5        EV:  6    Int:  4    God:    Trog [****..]
Gold:   181        SH:  9    Dex: 10    Spells: 5/5 levels left

rFire   . . .        a - +0 hand axe
rCold   + . .        t - +0 tower shield
rNeg    . . .        r - +2 chain mail {rC+}
rPois   .            (helmet restricted)
rElec   .            (no cloak)
rCorr   .            l - +0 pair of gloves
SInv    .            (no boots)
Will    +....        (no amulet) Stlth
                     q - ring of willpower
HPRegen 0.33/turn    (no ring)
MPRegen 0.09/turn

%: no passive effects
@: berserking, corroded, very quick
A: horns 2, retaliatory headbutt
a: Renounce Religion, Berserk, Trog's Hand, Brothers in Arms


You were on level 4 of the Dungeon.
You worshipped Trog.
Trog was greatly pleased with you.
You visited 1 branch of the dungeon, and saw 4 of its levels.
You also visited: Sewer.

You collected 181 gold pieces.

Inventory:

Hand Weapons
 a - a +0 hand axe (weapon)
Armour
 l - a +0 pair of gloves (worn)
 r - a +2 chain mail of cold resistance (worn)
 t - a +0 tower shield (worn)
Jewellery
 q - a ring of willpower (left hand)
Scrolls
 e - a scroll of enchant weapon {unknown}
 g - 5 scrolls of identify
 j - a scroll of torment {unknown}
 k - 2 scrolls of brand weapon {unknown}
 m - a scroll of fear {unknown}
 n - 2 scrolls of teleportation {unknown}
 u - 3 scrolls of silence {unknown}
 y - a scroll of vulnerability {unknown}
Potions
 b - 2 potions of magic
 c - 2 potions of haste {unknown}
 d - 6 potions of curing {unknown}
 f - 3 potions of invisibility {unknown}
 h - 3 potions of heal wounds {unknown}
 i - 3 potions of lignification {unknown}
 o - 3 potions of brilliance {unknown}
 p - 2 potions of attraction {unknown}
 s - 2 potions of resistance {unknown}
 v - a potion of might {unknown}
 w - a potion of mutation {unknown}
 x - a potion of degeneration {unknown}


   Skills:
 - Level 4.0 Fighting
 + Level 9.0 Axes
 - Level 3.0 Armour
 - Level 3.0 Dodging


You had 5 spell levels left.
You didn't know any spells.
Your spell library was empty.

Dungeon Overview and Level Annotations

Branches:
Dungeon (4/15)              Sewer (visited)
 Temple: D:4-7

Altars:
Cheibriados
Fedhas
Ru
Xom


Innate Abilities, Weirdness & Mutations

You have a pair of horns on your head.
You reflexively headbutt those who attack you in melee.


Message History

Your Axes skill increases to level 9!
Unknown command.
You hit the jelly.
Your hands burn!
The jelly is lightly wounded.
You block the jelly's attack. The jelly hits you but does no damage.
Unknown command.
You completely miss the jelly.
The jelly is lightly wounded.
The jelly closely misses you. You furiously retaliate!
You headbutt the jelly.
Unknown command.
You barely miss the jelly.
The jelly is lightly wounded.
You block the jelly's attack.
Unknown command.
You hit the jelly.
Your hands burn!
You headbutt the jelly, but do no damage.
The jelly is moderately wounded.
The jelly hits you but does no damage.
You hit the jelly but do no damage.
Your hands burn!
The jelly is moderately wounded.
The jelly hits you. The acid corrodes you!
You are splashed with acid!
* * * LOW HITPOINT WARNING * * *
You hit the jelly but do no damage.
Your hands burn!
* * * LOW HITPOINT WARNING * * *
Your headbutt misses the jelly.
The jelly is moderately wounded.
The jelly barely misses you.
Unknown command.
A red film seems to cover your vision as you go berserk!
You feel yourself moving faster!
You feel mighty! The jelly hits you but does no damage.
Unknown command.
You hit the jelly. The acid corrodes you!
Your hands burn!
* * * LOW HITPOINT WARNING * * *
You headbutt the jelly!
The jelly is almost dead.
The jelly hits you.
* * * LOW HITPOINT WARNING * * *
You are splashed with acid!
You die...

###########.####..#......#
..,,,,,,,,#.####..#......#
..,,,,,,,,#...#...#......#
..,,,,,,,,#...'...'......#
..,,,,,,,,#...#...#......#
..,,,,,,,.#########......#******
##*******..................,,,,*
,,,,*,,,*..................,,,,*
,,,,+,,,*......J@..........,,,,*
**,,*****..................,,,,*
*,,*****#####.####+##.....*+***
*,,,,,,,,,+...*,,,,,*.....*,,*
*,,,,,,,,,#!.,*,,,,,*.....*,,*
*,,,,,,,,,#..,*,,,,,*,,..,*,,*
*,,,,,,,,,#.,,*,,,,,*,,,,,*,,*
*******,**#.*******+*,,*,,*,,*
**,,****+*,,,,,,,,,,,,**,**,***


You could see a jelly.

Vanquished Creatures
  2 bullfrogs (Sewer)
  A jelly (D:4)
  A hound (D:4)
  An iguana (D:4)
  10 adders
  8 river rats (Sewer)
  5 worms
  A dart slug (D:2)
  2 orcs (D:3)
  17 ball pythons
  7 endoplasms
  7 goblins
  7 hobgoblins
  4 jackals (D:2)
  5 quokkas
  2 bats
  7 frilled lizards
  8 kobolds
  31 rats
126 creatures vanquished.

Notes
Turn   | Place    | Note
-------+----------+-------------------------------------------
     0 | D:1      | Nicoed the Minotaur Berserker began the quest for the Orb.
     0 | D:1      | Reached XP level 1. HP: 19/19 MP: 0/0
   147 | D:1      | Reached XP level 2. HP: 27/27 MP: 1/1
   593 | D:1      | Reached skill level 4 in Axes
   816 | D:2      | Reached XP level 3. HP: 16/33 MP: 2/2
   961 | D:2      | Found a faded altar of an unknown god.
  1225 | D:2      | Reached ** piety under Trog
  1275 | D:2      | Reached skill level 5 in Axes
  1275 | D:2      | Reached XP level 4. HP: 40/40 MP: 3/3
  1787 | D:3      | Found a sacrificial altar of Ru.
  2305 | D:3      | Found a shimmering altar of Xom.
  2308 | D:3      | Found a hazy altar of Hepliaklqana.
  2308 | D:3      | Found a snail-covered altar of Cheibriados.
  2310 | D:3      | Found a blossoming altar of Fedhas.
  2310 | D:3      | Found a shimmering altar of Xom.
  2310 | D:3      | Found a blossoming altar of Fedhas.
  2446 | D:3      | Reached skill level 6 in Axes
  2693 | D:4      | Found a glowing drain.
  2720 | D:4      | Reached XP level 5. HP: 38/46 MP: 4/4
  2726 | Sewer    | Entered a sewer
  2897 | Sewer    | Reached *** piety under Trog
  2898 | Sewer    | Reached skill level 7 in Axes
  3082 | Sewer    | Reached XP level 6. HP: 52/52 MP: 5/5
  3087 | Sewer    | Reached skill level 8 in Axes
  3295 | D:4      | Reached **** piety under Trog
  3432 | D:4      | Reached skill level 9 in Axes
  3439 | D:4      | Splashed by a jelly's acid

Illustrated notes

Levels and vault maps discovered:
D:1:      ebering_trefoil_3fold, layout_basic
D:2:      layout_basic, hellmonk_ecumenical_altar_pennies_from_heaven,
          minmay_hexomino_p4
D:3:      layout_basic, doesnt_xom_only_xom, nicolae_ru_awakened_eye
D:4:      layout_gridville, cheibrodos_sewer_entry_bend, minmay_hedge_maze,
          st_stairs_7, grunt_decor_one_mirror

Skill      XL: |  1  2  3  4  5  6 |
---------------+-------------------+-----
Fighting       | 4 |  4.0
Axes           | 4 5 6 7 9 |  9.0
Armour         | 3 |  3.0
Dodging        | 3 |  3.0

Action                     |  1- 3 |  4- 6 || total
---------------------------+-------+-------++-------
  Melee: Hand axe          |    74 |   199 ||   273
         Headbutt          |     8 |    24 ||    32
         Punch             |     2 |       ||     2
 Invoke: Berserk           |     1 |     3 ||     4
    Use: Scroll            |       |     3 ||     3
 Armour: Animal skin       |     5 |       ||     5
         Ring mail         |    11 |     9 ||    20
         Chain mail        |       |   115 ||   115
  Dodge: Dodged            |    47 |    67 ||   114
  Block: Tower shield      |       |    66 ||    66
